 Dungeon Crawl Stone Soup version 0.21-a0-344-g2144152 (webtiles) character file.

32 tidbits the Grave Robber (level 3, 0/14 HPs)
             Began as a Felid Necromancer on Oct 4, 2017.
             Slain by a bullfrog (8 damage)
             ... on level 2 of the Dungeon.
             The game lasted 00:04:02 (930 turns).

tidbits the Grave Robber (Felid Necromancer)         Turns: 930, Time: 00:04:02

Health: 0/14       AC:  6    Str:  4    XL:     3   Next: 10%
Magic:  1/7        EV: 18    Int: 17    God:
Gold:   52         SH:  0    Dex: 16    Spells: 1/6 levels left
                                        Lives:  0   Deaths: 0

rFire    . . .     SeeInvis +   a - book of Necromancy
rCold    . . .     Gourm    .   (shield unavailable)
rNeg     . . .     Faith    .   (armour unavailable)
rPois    .         Spirit   .   (helmet unavailable)
rElec    .         Reflect  .   (cloak unavailable)
rCorr    .         Harm     .   (gloves unavailable)
MR       .....                  (boots unavailable)
Stlth    +++.......             (no amulet)
HPRegen  0.04/turn              U - +5 ring of protection
MPRegen  0.10/turn              (no ring)

@: quick
A: no armour, no weapons or thrown items, stealth, claws 1, fangs 3, see
invisible, carnivore 3, speed 1, shaggy fur 1, slow metabolism 1, sharp paws
a: no special abilities


You were on level 2 of the Dungeon.
You were not hungry.

You visited 1 branch of the dungeon, and saw 2 of its levels.

You collected 52 gold pieces.

Inventory:

Missiles
 d - 22 arrows
Jewellery
 U - a +5 ring of protection (left paw)
   (You found it on level 1 of the Dungeon)
Scrolls
 f - a scroll of immolation {unknown}
Potions
 c - a potion of degeneration {unknown}
 e - a potion of cancellation {unknown}
Books
 a - a book of Necromancy (in mouth)

   Spells                             Type                      Level
   a - Pain                           Necromancy                   1
   b - Animate Skeleton               Necromancy                   1
   c - Vampiric Draining              Necromancy                   3
   d - Regeneration                   Charms/Necromancy            3
   e - Animate Dead                   Necromancy                   4
   f - Control Undead                 Necromancy                   4
Comestibles
 b - 2 meat rations


   Skills:
 - Level 2.8 Dodging
 - Level 2.9 Stealth
 + Level 2.4 Spellcasting
 * Level 4.6 Necromancy


You had one spell level left.
You knew the following spells:

 Your Spells              Type           Power        Failure   Level  Hunger
a - Pain                  Necr           ###.         2%          1    #......
n - Animate Skeleton      Necr           N/A          2%          1    #......
v - Vampiric Draining     Necr           ###.......   9%          3    ###....


Dungeon Overview and Level Annotations

Branches:
Dungeon (2/15)

Altars:


Innate Abilities, Weirdness & Mutations

You cannot wear armour.
You are incapable of wielding weapons or throwing items.
Your paws allow you to move quietly. (Stealth)
You have sharp claws.
You have razor-sharp teeth.
You have supernaturally acute eyesight. (SInv)
You are carnivorous and can eat meat at any time.
You cover ground quickly.
You are covered in fur. (AC +1)
You have a slow metabolism.
Your sharp claws are effective at attacking unaware monsters.


Message History

Aim: a giant cockroach (moderately wounded, clinging)
You kill the giant cockroach!
You feel life coursing into your body.
The kobold throws a stone.
The stone hits you.
* * * LOW HITPOINT WARNING * * *
You see here a dagger.
You see here a dagger.
You swing at nothing.
You swing at nothing.
You swing at nothing.
You swing at nothing.
You swing at nothing.
You swing at nothing.
You swing at nothing.
You swing at nothing.
You swing at nothing.
You swing at nothing.
You swing at nothing.
You swing at nothing.
You swing at nothing.
You swing at nothing.
You swing at nothing.
You swing at nothing.
You swing at nothing.
You swing at nothing.
You swing at nothing.
You swing at nothing.
You swing at nothing.
You swing at nothing.
You swing at nothing.
You swing at nothing.
You swing at nothing.
You swing at nothing.
You swing at nothing.
You swing at nothing.
You swing at nothing.
You swing at nothing.
Okay, then.
A bat comes into view.
The bat moves out of view.
Casting: Vampiric Draining
Confirm with . or Enter, or press ? or * to list all spells.
Aiming: Pain
Press: ? - help, Shift-Dir - straight line, f - bat
Aim: a bat (chance to defeat MR: 87%)
The bat writhes in agony!
You kill the bat!
Found a stone staircase leading down.
Things that are here:
a club; a hobgoblin skeleton You now have 52 gold pieces (gained 11).
Found a large shield.
There is a stone staircase leading down here.
You climb downwards.
Found a scroll labeled IVOEFA TAE.
Found a stone staircase leading down.
There is a stone staircase leading up here.
Found a scroll labeled WATTOEMN XAUCS.
An adder comes into view.
Found a stone staircase leading up.
A rat comes into view.
The adder hisses angrily.
You see here a scroll labeled IVOEFA TAE.
f - a scroll labeled IVOEFA TAE
There is a stone staircase leading up here.
You climb upwards.
There is a stone staircase leading down here.
Found a stone staircase leading down.
There is a stone staircase leading down here.
You climb downwards.
A quokka and a bullfrog come into view.
There is a stone staircase leading up here.
Casting: Pain
Confirm with . or Enter, or press ? or * to list all spells.
Aiming: Pain
Press: ? - help, Shift-Dir - straight line, f - quokka
Aim: a quokka (resting, chance to defeat MR: 87%)
The quokka writhes in agony!
You kill the quokka!
Casting: Pain
Confirm with . or Enter, or press ? or * to list all spells.
Aiming: Pain
Press: ? - help, Shift-Dir - straight line, f - bullfrog
Aim: a bullfrog (chance to defeat MR: 76%)
The bullfrog barely resists.
Casting: Pain
Confirm with . or Enter, or press ? or * to list all spells.
Aiming: Vampiric Draining
Press: ? - help, Shift-Dir - straight line, f/p - bullfrog
Aim: a bullfrog The bullfrog is moderately wounded.
You feel life coursing into your body. The bullfrog closely misses you.
Casting: Vampiric Draining
Confirm with . or Enter, or press ? or * to list all spells.
Aiming: Pain
Press: ? - help, Shift-Dir - straight line, f/p - bullfrog
Aim: a bullfrog (moderately wounded, chance to defeat MR: 76%)
The bullfrog barely resists.
The bullfrog closely misses you. The bullfrog hits you!
Ouch! That really hurt!
You die...

## ... ....
#########.....
##
#......Fg.....
.# #@# #.# #.#
#.# #.# #.# #
#.# #.#.# #.#
....# #.# <.#
..# ..# ###
......


You could see a bullfrog and a goblin.

Vanquished Creatures
  An ooze (D:1)
  A dart slug (D:1)
  A leopard gecko (D:1)
  3 bats (D:1)
  3 giant cockroaches (D:1)
  A goblin (D:1)
  4 hobgoblins (D:1)
  3 jackals (D:1)
  A quokka (D:2)
  A frilled lizard (D:1)
  A kobold (D:1)
  2 rats (D:1)
22 creatures vanquished.

Notes
Turn   | Place    | Note
-------+----------+-------------------------------------------
     0 | D:1      | tidbits the Felid Necromancer began the quest for the Orb.
     0 | D:1      | Reached XP level 1. HP: 7/7 MP: 4/4
   245 | D:1      | Reached XP level 2. HP: 2/11 MP: 0/6
   278 | D:1      | Learned a level 1 spell: Animate Skeleton
   740 | D:1      | Reached XP level 3. HP: 1/14 MP: 1/7
   745 | D:1      | Learned a level 3 spell: Vampiric Draining
   926 | D:2      | Noticed a bullfrog
   930 | D:2      | Slain by a bullfrog

Vault maps used:
D:1:      noname_arrival_rooms_in_the_neighbourhood
D:2:      overflow_temple_1_default, first_bread

Action                   || total
-------------------------++-------
Melee: Unarmed           ||     1
 Cast: Pain              ||    45
       Vampiric Draining ||     2
 Stab: Sleeping          ||     1
  Eat: Chunk             ||     2
Dodge: Dodged            ||     6

Table legend:
 A = Spawn XP
 B = Non-spawn XP
 C = Spawn XP percentage of total XP
 D = Spawn monster count
 E = Non-spawn monster count
 F = Spawn count percentage of total count
 G = Total turns spent on level
                    A         B        C        D         E        F      G
               +---------+---------+-------+---------+---------+-------+---------
         Total |       0 |      47 |   0.0 |       0 |      22 |   0.0 |   930
               +---------+---------+-------+---------+---------+-------+---------
           D:1 |       0 |      45 |   0.0 |       0 |      21 |   0.0 |   915
           D:2 |       0 |       2 |   0.0 |       0 |       1 |   0.0 |    15
               +---------+---------+-------+---------+---------+-------+---------

Table legend:
 A = Turns spent in this place as a percentage of turns spent in the entire game.
 B = Non-inter-level travel turns spent in this place as a percentage of non-inter-level travel turns spent in the entire game.
 C = Inter-level travel turns spent in this place as a percentage of turns spent in this place.
 D = Turns resting spent in this place as a percentage of non-inter-level travel turns spent in this place.
 E = Turns spent auto-exploring this place as a percentage of non-inter-level travel turns spent in this place.
 F = Non-inter-level travel turns spent in this place divided by the number of levels of this place that you've seen.
                   A       B       C       D       E      F
               +-------+-------+-------+-------+-------+----------------------
         Total | 100.0 | 100.0 |   0.0 |   0.0 |   0.0 | 465.0
       Dungeon | 100.0 | 100.0 |   0.0 |   0.0 |   0.0 | 465.0
               +-------+-------+-------+-------+-------+----------------------

Table legend:
 A = Kills in this place as a percentage of kills in entire the game.
 B = Kills by you in this place as a percentage of kills by you in the entire game.
 C = Kills by friends in this place as a percentage of kills by friends in the entire game.
 D = Other kills in this place as a percentage of other kills in the entire game.
 E = Experience gained in this place as a percentage of experience gained in the entire game.
 F = Experience gained in this place divided by the number of levels of this place that you have seen.
                   A       B       C       D       E      F
               +-------+-------+-------+-------+-------+----------------------
         Total | 100.0 | 100.0 |   N/A |   N/A | 100.0 |  23.5
       Dungeon | 100.0 | 100.0 |   N/A |   N/A | 100.0 |  23.5
               +-------+-------+-------+-------+-------+----------------------

Vault maps used:
D:1:      noname_arrival_rooms_in_the_neighbourhood
D:2:      overflow_temple_1_default, first_bread
